[ AOE2 MATCH · #513870436 ]
UnrankedGeorgians vs Teutons
Player's team · WIN
Rival team · LOSS
[ REPLAY ANALYSIS · EXTRACTED FROM THE RECORDED GAME ]
Feudal
11:22
Castle
15:08
Imperial
30:02
| APM avg | 59.1 |
| APM peak | 100 |
| eAPM avg | 38.8 |
| Villagers / military | 143 / 38 |
Focus
⚔️ 37.8% · 🌾 62.2%
Cavalry Archer ×31 · Mangonel ×3 · Monk ×2 · Trebuchet (Packed) ×2
Feudal
8:25
Castle
22:40
Imperial
27:00
| APM avg | 34.1 |
| APM peak | 78 |
| eAPM avg | 17.5 |
| Villagers / military | 72 / 23 |
Focus
⚔️ 31.7% · 🌾 68.3%
Hand Cannoneer ×21 · Bombard Cannon ×2
Match map
Initial resources + every placement click. Lines = walls · curves = elevation contours. ◆ gold · ⬟ stone · ● berries · ✦ relic · ◌ wall gap
Your base· ✓ Closed at 15:08 · 30t walls · 2 gate(s)
El Sobol's base· ✓ Closed at 22:40 · 3t walls · 2 gate(s)
Smoothed initial terrain · ◌ = detected wall gap · hover for details
Inputs per minute
— TrCL.Gyeseongyeon - - El Sobol
Build order — TrCL.Gyeseongyeon
First 150 of 342 actions detected
| 0:00 | Queue | Villager (Male) |
| 0:00 | Queue | Villager (Male) |
| 0:01 | Queue | Villager (Male) |
| 0:01 | Queue | Villager (Male) |
| 0:01 | Queue | Villager (Male) |
| 0:02 | Build | House |
| 0:03 | Build | House |
| 1:28 | Queue | Villager (Male) |
| 1:28 | Queue | Villager (Male) |
| 1:53 | Queue | Villager (Male) |
| 2:17 | Queue | Villager (Male) |
| 2:17 | Queue | Villager (Male) |
| 2:27 | Queue | Villager (Male) |
| 2:27 | Queue | Villager (Male) |
| 2:55 | Queue | Villager (Male) |
| 2:55 | Queue | Villager (Male) |
| 3:13 | Queue | Villager (Male) |
| 3:14 | Queue | Villager (Male) |
| 3:53 | Build | House |
| 4:06 | Queue | Villager (Male) |
| 4:06 | Queue | Villager (Male) |
| 4:06 | Queue | Villager (Male) |
| 4:06 | Queue | Villager (Male) |
| 4:30 | Build | Mill |
| 4:34 | Queue | Villager (Male) |
| 4:34 | Queue | Villager (Male) |
| 4:51 | Queue | Villager (Male) |
| 4:51 | Queue | Villager (Male) |
| 4:53 | Queue | Villager (Male) |
| 4:53 | Queue | Villager (Male) |
| 5:10 | Queue | Villager (Male) |
| 5:11 | Queue | Villager (Male) |
| 5:25 | Queue | Villager (Male) |
| 5:25 | Queue | Villager (Male) |
| 5:49 | Queue | Villager (Male) |
| 5:49 | Queue | Villager (Male) |
| 5:49 | Queue | Villager (Male) |
| 5:58 | Queue | Villager (Male) |
| 5:58 | Queue | Villager (Male) |
| 5:58 | Queue | Villager (Male) |
| 6:03 | Build | House |
| 6:03 | Build | House |
| 6:25 | Queue | Villager (Male) |
| 6:25 | Queue | Villager (Male) |
| 6:47 | Build | Mule Cart |
| 6:51 | Queue | Villager (Male) |
| 7:52 | Queue | Villager (Male) |
| 7:52 | Queue | Villager (Male) |
| 7:52 | Queue | Villager (Male) |
| 8:16 | Build | Farm |
| 8:16 | Build | Farm |
| 8:17 | Build | Farm |
| 8:37 | Research | Loom |
| 9:06 | Build | Palisade Wall |
| 9:12 | Research | Feudal Age |
| 9:12 | Research | Feudal Age |
| 9:23 | Build | Palisade Wall |
| 9:27 | Build | Palisade Wall |
| 9:34 | Build | Palisade Wall |
| 9:59 | Build | Palisade Wall |
| 10:09 | Build | Palisade Wall |
| 10:12 | Build | Palisade Wall |
| 10:35 | Build | Palisade Wall |
| 11:16 | Queue | Villager (Male) |
| 11:16 | Queue | Villager (Male) |
| 11:22 | Age | Feudal Age |
| 11:36 | Build | Market |
| 11:41 | Build | House |
| 11:43 | Queue | Villager (Male) |
| 11:46 | Build | Blacksmith |
| 12:28 | Research | Castle Age |
| 12:28 | Research | Castle Age |
| 12:51 | Research | Double-Bit Axe |
| 12:52 | Research | Horse Collar |
| 12:52 | Research | Horse Collar |
| 13:09 | Build | Farm |
| 13:09 | Build | Farm |
| 14:34 | Build | Farm |
| 14:48 | Build | Farm |
| 15:08 | Age | Castle Age |
| 15:10 | Build | Siege Workshop |
| 15:13 | Queue | Villager (Male) |
| 15:32 | Queue | Mangonel |
| 15:47 | Queue | Villager (Male) |
| 16:02 | Build | Farm |
| 16:07 | Research | Bow Saw |
| 16:07 | Research | Bow Saw |
| 16:08 | Queue | Villager (Male) |
| 16:27 | Build | Farm |
| 16:30 | Queue | Villager (Male) |
| 16:39 | Queue | Villager (Male) |
| 16:54 | Build | Monastery |
| 17:14 | Queue | Mangonel |
| 17:14 | Queue | Mangonel |
| 17:25 | Queue | Monk |
| 17:29 | Queue | Villager (Male) |
| 17:34 | Queue | Villager (Male) |
| 17:34 | Queue | Villager (Male) |
| 17:35 | Queue | Villager (Male) |
| 17:35 | Queue | Villager (Male) |
| 17:35 | Queue | Villager (Male) |
| 17:51 | Build | Town Center |
| 17:57 | Build | House |
| 17:57 | Build | House |
| 18:32 | Queue | Villager (Male) |
| 18:41 | Build | House |
| 18:50 | Queue | Villager (Male) |
| 18:53 | Build | House |
| 18:56 | Build | House |
| 18:58 | Queue | Villager (Male) |
| 19:07 | Queue | Villager (Male) |
| 19:07 | Queue | Villager (Male) |
| 19:07 | Queue | Villager (Male) |
| 19:26 | Queue | Villager (Male) |
| 19:32 | Build | Town Center |
| 19:43 | Queue | Villager (Male) |
| 19:52 | Build | Farm |
| 19:54 | Build | Farm |
| 19:55 | Build | Farm |
| 20:05 | Queue | Villager (Male) |
| 20:05 | Queue | Villager (Male) |
| 20:05 | Queue | Villager (Male) |
| 20:05 | Queue | Villager (Male) |
| 20:26 | Queue | Villager (Male) |
| 20:40 | Queue | Villager (Male) |
| 20:41 | Queue | Villager (Male) |
| 20:41 | Queue | Villager (Male) |
| 21:11 | Queue | Villager (Male) |
| 21:13 | Build | Farm |
| 21:14 | Build | Farm |
| 21:14 | Build | Farm |
| 21:17 | Build | Farm |
| 21:19 | Build | Farm |
| 21:35 | Queue | Villager (Male) |
| 21:35 | Queue | Villager (Male) |
| 21:35 | Queue | Villager (Male) |
| 21:43 | Build | Market |
| 21:47 | Build | House |
| 21:47 | Build | House |
| 21:47 | Build | House |
| 21:48 | Queue | Villager (Male) |
| 21:48 | Queue | Villager (Male) |
| 21:57 | Build | Stone Wall |
| 22:13 | Queue | Villager (Male) |
| 22:18 | Queue | Villager (Male) |
| 22:18 | Queue | Villager (Male) |
| 22:19 | Build | Farm |
| 22:21 | Build | Farm |
| 22:23 | Build | Farm |
| 22:34 | Queue | Villager (Male) |
Build order — El Sobol
First 150 of 197 actions detected
| 0:00 | Queue | Villager (Male) |
| 0:01 | Build | House |
| 0:02 | Build | House |
| 0:10 | Queue | Villager (Male) ×3 |
| 1:09 | Queue | Villager (Male) |
| 1:38 | Queue | Villager (Male) |
| 1:46 | Build | Lumber Camp |
| 2:04 | Queue | Villager (Male) |
| 2:50 | Queue | Villager (Male) |
| 3:18 | Queue | Villager (Male) |
| 3:25 | Build | House |
| 3:35 | Queue | Villager (Male) |
| 4:09 | Queue | Villager (Male) |
| 4:23 | Queue | Villager (Male) |
| 4:36 | Queue | Villager (Male) |
| 5:07 | Queue | Villager (Male) |
| 5:07 | Research | Loom |
| 5:28 | Build | Mining Camp |
| 6:14 | Research | Feudal Age |
| 7:07 | Build | House |
| 7:17 | Queue | Villager (Male) |
| 8:03 | Queue | Villager (Male) |
| 8:25 | Age | Feudal Age |
| 8:30 | Build | Watch Tower |
| 8:42 | Build | Blacksmith |
| 8:56 | Queue | Villager (Male) |
| 9:25 | Queue | Villager (Male) |
| 9:30 | Research | Fletching |
| 9:48 | Queue | Villager (Male) |
| 9:52 | Queue | Villager (Male) |
| 9:56 | Research | Double-Bit Axe |
| 10:16 | Build | House |
| 10:36 | Build | Watch Tower |
| 10:51 | Queue | Villager (Male) |
| 11:15 | Queue | Villager (Male) |
| 11:22 | Build | Watch Tower |
| 11:43 | Queue | Villager (Male) |
| 11:58 | Build | House |
| 12:27 | Queue | Villager (Male) |
| 12:33 | Build | Mill |
| 12:52 | Build | Watch Tower |
| 12:56 | Queue | Villager (Male) |
| 13:27 | Queue | Villager (Male) |
| 13:52 | Queue | Villager (Male) |
| 13:55 | Build | Farm |
| 14:11 | Build | Farm |
| 14:12 | Build | Farm |
| 14:14 | Queue | Villager (Male) |
| 14:23 | Build | Farm |
| 14:46 | Queue | Villager (Male) |
| 14:47 | Build | Farm |
| 14:51 | Build | House |
| 14:51 | Build | House |
| 15:10 | Queue | Villager (Male) |
| 15:15 | Build | Farm |
| 15:27 | Queue | Villager (Male) |
| 15:42 | Queue | Villager (Male) |
| 15:43 | Build | Farm |
| 16:02 | Build | Mining Camp |
| 16:28 | Queue | Villager (Male) |
| 16:32 | Build | Farm |
| 16:34 | Build | Farm |
| 16:54 | Queue | Villager (Male) |
| 17:05 | Build | Farm |
| 17:21 | Build | Watch Tower |
| 17:22 | Queue | Villager (Male) |
| 17:25 | Build | Farm |
| 17:29 | Research | Wheelbarrow |
| 17:51 | Build | Farm |
| 18:08 | Build | Mining Camp |
| 19:08 | Queue | Villager (Male) |
| 19:19 | Build | Palisade Wall |
| 19:19 | Build | Palisade Wall |
| 19:22 | Build | Palisade Wall |
| 19:26 | Build | Market |
| 19:33 | Queue | Villager (Male) |
| 19:59 | Build | House |
| 20:00 | Research | Castle Age |
| 20:34 | Build | House |
| 20:39 | Build | Farm |
| 20:40 | Build | Farm |
| 20:40 | Build | Farm |
| 20:40 | Build | Farm |
| 20:40 | Build | Farm |
| 20:41 | Build | Farm |
| 20:46 | Research | Horse Collar |
| 21:05 | Build | House |
| 21:36 | Build | Barracks |
| 21:41 | Research | Scale Mail Armor |
| 22:40 | Age | Castle Age |
| 22:41 | Build | University |
| 22:45 | Queue | Villager (Male) |
| 22:47 | Queue | Villager (Male) |
| 22:57 | Build | Siege Workshop |
| 23:50 | Research | Imperial Age |
| 23:50 | Research | Imperial Age |
| 24:04 | Build | Archery Range |
| 24:23 | Research | Bow Saw |
| 24:54 | Build | Archery Range |
| 25:14 | Build | House |
| 25:17 | Build | House |
| 25:18 | Build | House |
| 25:45 | Build | Farm |
| 25:47 | Build | Farm |
| 25:49 | Build | Farm |
| 26:17 | Build | Archery Range |
| 26:27 | Queue | Villager (Male) |
| 26:27 | Queue | Villager (Male) |
| 26:27 | Queue | Villager (Male) |
| 27:00 | Age | Imperial Age |
| 27:00 | Research | Chemistry |
| 27:02 | Research | Padded Archer Armor |
| 27:12 | Research | Padded Archer Armor |
| 27:14 | Build | House |
| 27:15 | Build | House |
| 27:53 | Research | Leather Archer Armor |
| 27:53 | Research | Leather Archer Armor |
| 28:12 | Build | House |
| 28:19 | Queue | Villager (Male) |
| 28:19 | Queue | Villager (Male) |
| 28:19 | Queue | Villager (Male) |
| 28:34 | Build | House |
| 28:41 | Queue | Hand Cannoneer |
| 28:41 | Queue | Hand Cannoneer |
| 28:41 | Queue | Hand Cannoneer |
| 28:42 | Queue | Bombard Cannon |
| 28:44 | Queue | Bombard Cannon |
| 28:46 | Queue | Hand Cannoneer |
| 28:46 | Queue | Hand Cannoneer |
| 28:46 | Queue | Hand Cannoneer |
| 28:47 | Queue | Villager (Male) |
| 28:49 | Research | Gold Mining |
| 28:53 | Queue | Hand Cannoneer |
| 29:00 | Build | House |
| 29:11 | Queue | Hand Cannoneer |
| 29:11 | Queue | Hand Cannoneer |
| 29:11 | Queue | Hand Cannoneer |
| 29:19 | Queue | Hand Cannoneer |
| 29:23 | Queue | Villager (Male) |
| 29:40 | Build | House |
| 29:45 | Queue | Hand Cannoneer |
| 29:45 | Queue | Hand Cannoneer |
| 29:45 | Queue | Hand Cannoneer |
| 29:53 | Queue | Hand Cannoneer |
| 30:04 | Queue | Villager (Male) |
| 30:10 | Build | Town Center |
| 30:13 | Build | House |
| 30:25 | Queue | Hand Cannoneer |
| 30:25 | Queue | Hand Cannoneer |
| 30:26 | Queue | Hand Cannoneer |
Match timeline
| 8:25 | El Sobol · age_up feudal |
| 9:06 | TrCL.Gyeseongyeon · wall_segment Palisade Wall x4 |
| 9:23 | TrCL.Gyeseongyeon · wall_segment Palisade Wall x4 |
| 9:27 | TrCL.Gyeseongyeon · wall_segment Palisade Wall x7 |
| 9:34 | TrCL.Gyeseongyeon · wall_segment Palisade Wall x4 |
| 9:59 | TrCL.Gyeseongyeon · wall_segment Palisade Wall x5 |
| 10:09 | TrCL.Gyeseongyeon · wall_segment Palisade Wall x1 |
| 10:12 | TrCL.Gyeseongyeon · wall_segment Palisade Wall x1 |
| 10:35 | TrCL.Gyeseongyeon · wall_segment Palisade Wall x4 |
| 11:22 | TrCL.Gyeseongyeon · age_up feudal |
| 15:08 | TrCL.Gyeseongyeon · age_up castle |
| 15:10 | TrCL.Gyeseongyeon · first_building Siege Workshop |
| 16:06 | TrCL.Gyeseongyeon · first_market_buy 100 wood |
| 16:54 | TrCL.Gyeseongyeon · first_building Monastery |
| 19:19 | El Sobol · wall_segment Palisade Wall x1 |
| 19:19 | El Sobol · wall_segment Palisade Wall x1 |
| 19:22 | El Sobol · wall_segment Palisade Wall x1 |
| 20:52 | El Sobol · first_market_sell 100 stone |
| 20:54 | El Sobol · first_market_buy 100 wood |
| 21:36 | El Sobol · first_building Barracks |
| 21:57 | TrCL.Gyeseongyeon · wall_segment Stone Wall x1 |
| 22:40 | El Sobol · age_up castle |
| 22:57 | El Sobol · first_building Siege Workshop |
| 24:04 | El Sobol · first_building Archery Range |
| 24:38 | TrCL.Gyeseongyeon · first_building Barracks |
| 25:24 | TrCL.Gyeseongyeon · first_building Archery Range |
| 26:51 | TrCL.Gyeseongyeon · first_market_sell 100 food |
| 27:00 | El Sobol · age_up imperial |
| 28:31 | TrCL.Gyeseongyeon · first_building Castle |
| 30:02 | TrCL.Gyeseongyeon · age_up imperial |
| 30:37 | TrCL.Gyeseongyeon · first_building Stable |
| 33:27 | TrCL.Gyeseongyeon · wall_segment Stone Wall x1 |
| 33:34 | El Sobol · first_building Stable |
| 33:50 | El Sobol · resign |
[ AI ANALYSIS · 1 CREDIT ]
What really happened in this match?
Wolo.gg analyzes every decision: build order, eco, micro, common mistakes by bracket. Personalized analysis on WhatsApp or Discord in 30 seconds.
Civ guide
Georgians
Perfil
Jugador #583689